 Dungeon Crawl Stone Soup version 0.22-a0-282-gdd34a7d (webtiles) character file.

68 RoseArtemis the Shield-Bearer (level 4, -8/40 HPs)
             Began as a Minotaur Fighter on Mar 17, 2018.
             Mangled by a two-headed ogre
             ... wielding a +0 giant club
              (27 damage)
             ... on level 3 of the Dungeon.
             The game lasted 00:03:04 (1431 turns).

RoseArtemis the Shield-Bearer (Minotaur Fighter)    Turns: 1431, Time: 00:03:05

Health: -8/40      AC:  7    Str: 21    XL:     4   Next: 1%
Magic:  3/3        EV:  7    Int:  6    God:
Gold:   108        SH:  9    Dex:  9    Spells: 3/3 levels left

rFire    . . .     SeeInvis .   a - +0 flail
rCold    . . .     Gourm    .   c - +0 shield
rNeg     . . .     Faith    .   b - +0 scale mail
rPois    .         Spirit   .   (helmet restricted)
rElec    .         Reflect  .   (no cloak)
rCorr    .         Harm     .   (no gloves)
MR       .....                  (no boots)
Stlth    ..........             (no amulet)
HPRegen  0.13/turn              (no ring)
MPRegen  0.08/turn              (no ring)

@: no status effects
A: retaliatory headbutt, horns 2
a: no special abilities


You were on level 3 of the Dungeon.
You were hungry.

You visited 1 branch of the dungeon, and saw 3 of its levels.

You collected 108 gold pieces.

Inventory:

Hand Weapons
 a - a +0 flail (weapon)
Armour
 b - a +0 scale mail (worn)
 c - a +0 shield (worn)
Scrolls
 e - a scroll of amnesia {unknown}
 i - 2 scrolls of blinking {unknown}
 j - a scroll of immolation {unknown}
 k - 3 scrolls of remove curse {unknown}
 m - a scroll of teleportation {unknown}
Potions
 d - a potion of might
 h - a potion of brilliance {unknown}
 l - a potion of curing {unknown}
 n - a potion of flight {unknown}
Comestibles
 f - 2 rations


   Skills:
 + Level 4.1 Fighting
 * Level 3.8 Maces & Flails
 + Level 4.1 Armour
 + Level 4.2 Shields


You had 3 spell levels left.
You didn't know any spells.

Dungeon Overview and Level Annotations

Branches:
Dungeon (3/15)

Altars:

Annotations:
D:2 1 runed door


Innate Abilities, Weirdness & Mutations

You reflexively headbutt those who attack you in melee.
You have a pair of horns on your head.


Message History

Partly explored, unopened runed door.
There is a stone staircase leading down here.
You climb downwards.
There is a stone staircase leading up here.
A goblin comes into view. It is wielding a dagger.
The goblin shouts!
A two-headed ogre comes into view. It is wielding two giant clubs.
You thump the two-headed ogre!
Your headbutt misses the two-headed ogre.
The two-headed ogre is moderately wounded.
You block the two-headed ogre's attack.
The two-headed ogre hits you with a giant club!
You hit the two-headed ogre.
The two-headed ogre is moderately wounded.
The two-headed ogre hits you with a giant club. x2
There is a stone staircase leading up here.
You block the two-headed ogre's attack.
The two-headed ogre hits you with a giant club!!
Ouch! That really hurt!
You die...

.. #.#
#.. ..#
### #.#
... #.#
##.###.##
#......@#
##.#.#O##
##..g####
#.......#
#.#.###.#
# #.# #
#.. ##.#
.#


You could see a two-headed ogre and a goblin.

Vanquished Creatures
  A gnoll (D:1)
  A shadow imp (D:2)
  2 worms (D:2)
  A dart slug (D:2)
  2 leopard geckos
  2 giant cockroaches
  5 goblins
  5 hobgoblins
  6 kobolds
  7 bats
  2 frilled lizards (D:1)
  8 rats
42 creatures vanquished.

Notes
Turn   | Place    | Note
-------+----------+-------------------------------------------
     0 | D:1      | RoseArtemis the Minotaur Fighter began the quest for the Orb.
     0 | D:1      | Reached XP level 1. HP: 19/19 MP: 0/0
   182 | D:1      | Reached XP level 2. HP: 21/27 MP: 1/1
   412 | D:1      | Reached XP level 3. HP: 33/33 MP: 2/2
  1185 | D:2      | Reached XP level 4. HP: 40/40 MP: 3/3
  1317 | D:2      | Found a runed door.
  1421 | D:3      | Noticed a two-headed ogre
  1431 | D:3      | Mangled by a two-headed ogre

Vault maps used:
D:1:      dpeg_arrival_fog
D:2:      uniq_crazy_yiuf_cottage

Skill      XL: |  1  2  3 |
---------------+----------+-----
Maces & Flails | 3 |  3.8
Fighting       | 4 |  4.1
Armour         | 4 |  4.1
Shields        | 4 |  4.2

Action                   |  1- 3 |  4- 6 || total
-------------------------+-------+-------++-------
Melee: Flail             |   102 |    10 ||   112
       Headbutt          |    11 |     1 ||    12
  Eat: Chunk             |     1 |       ||     1
Armor: Scale mail        |    50 |     3 ||    53
Dodge: Dodged            |    31 |     2 ||    33
Block: Shield            |    61 |     5 ||    66

Table legend:
 A = Spawn XP
 B = Non-spawn XP
 C = Spawn XP percentage of total XP
 D = Spawn monster count
 E = Non-spawn monster count
 F = Spawn count percentage of total count
 G = Total turns spent on level
                    A         B        C        D         E        F      G
               +---------+---------+-------+---------+---------+-------+---------
         Total |       0 |      98 |   0.0 |       0 |      42 |   0.0 |  1431
               +---------+---------+-------+---------+---------+-------+---------
           D:1 |       0 |      53 |   0.0 |       0 |      25 |   0.0 |   740
           D:2 |       0 |      45 |   0.0 |       0 |      17 |   0.0 |   677
               +---------+---------+-------+---------+---------+-------+---------
